 Dungeon Crawl Stone Soup version 0.27-a0-1217-g8a41f320e8 (webtiles) character file.

Game seed: 2442846055155674791

154 Gwenloh the Skirmisher (level 5, -6/43 HPs)
             Began as a Gnoll Wanderer on June 5, 2021.
             Was an Initiate of Kikubaaqudgha.
             Killed by nerve-wracking pain
             ... invoked by a shadow imp
             ... summoned by Eustachio
              (11 damage)
             ... on level 3 of the Dungeon.
             The game lasted 00:08:08 (3891 turns).

Gwenloh the Skirmisher (Gnoll Wanderer)             Turns: 3891, Time: 00:08:10

Health: -6/43      AC:  3    Str: 12    XL:     5   Next: 36%
Magic:  9/9        EV: 16    Int: 13    God:    Kikubaaqudgha [......]
Gold:   190        SH:  0    Dex: 10    Spells: 7/10 levels left

rFire    . . .     SeeInvis .   a - +0 falchion
rCold    . . .     Faith    +   (no shield)
rNeg     . . .     Spirit   .   d - +0 leather armour
rPois    .         Reflect  .   (no helmet)
rElec    .         Harm     .   (no cloak)
rCorr    .         Rampage  .   (no gloves)
Will     .....                  (no boots)
Stlth    ++........             l - amulet of faith
HPRegen  0.14/turn              s - +4 ring of evasion
MPRegen  0.11/turn              (no ring)

@: no status effects
A: fangs 1, strong nose, distributed training
a: Renounce Religion


You were on level 3 of the Dungeon.
You worshipped Kikubaaqudgha.
Kikubaaqudgha was noncommittal.
You visited 1 branch of the dungeon, and saw 4 of its levels.

You collected 190 gold pieces.

Inventory:

Hand Weapons
 a - a +0 falchion (weapon)
 e - a +0 dagger
Missiles
 b - 2 throwing nets
 g - 118 stones
 h - 47 bolts
 p - 7 poisoned darts (quivered)
Armour
 d - a +0 leather armour (worn)
Jewellery
 l - an amulet of faith (around neck)
 s - a +4 ring of evasion (left hand)
Scrolls
 f - 3 scrolls of identify {unknown}
 j - a scroll of magic mapping {unknown}
 m - 2 scrolls of enchant armour {unknown}
 n - a scroll of teleportation {unknown}
 o - a scroll of blinking {unknown}
 q - a scroll of immolation {unknown}
Potions
 c - a potion of lignification
 i - a potion of curing {unknown}
 k - a potion of flight {unknown}
 r - 2 potions of attraction {unknown}


   Skills:
 + Level 4.8 Fighting
 + Level 1.4 Short Blades
 + Level 3.0 Long Blades
 + Level 1.4 Axes
 + Level 1.4 Maces & Flails
 + Level 1.4 Polearms
 + Level 1.4 Staves
 + Level 1.4 Slings
 + Level 1.4 Bows
 + Level 1.4 Crossbows
 + Level 1.4 Throwing
 + Level 1.4 Armour
 + Level 3.0 Dodging
 + Level 4.4 Stealth
 + Level 3.0 Shields
 + Level 1.4 Unarmed Combat
 + Level 3.1 Spellcasting
 + Level 1.1 Conjurations
 + Level 1.1 Hexes
 + Level 1.1 Summonings
 + Level 1.1 Necromancy
 + Level 2.4 Translocations
 + Level 1.1 Transmutations
 + Level 1.1 Fire Magic
 + Level 1.1 Ice Magic
 + Level 2.4 Air Magic
 + Level 1.1 Earth Magic
 + Level 1.1 Poison Magic
 + Level 1.6 Invocations
 + Level 1.4 Evocations


You had 7 spell levels left.
You knew the following spells:

 Your Spells              Type           Power      Damage    Failure   Level
a - Beastly Appendage     Tmut           10%        N/A       19%         1
b - Wereblood             Tmut           5%         N/A       26%         2

Your spell library contained the following spells:

 Spells                   Type           Power      Damage    Failure   Level
 Sandblast                Erth           10%        2d5       19%         1
 Sting                    Tmut/Pois      20%        1d4       19%         1
 Poisonous Vapours        Pois/Air       12%        N/A       21%         2
 Passwall                 Tmut/Erth      4%         N/A       26%         2
 Mephitic Cloud           Conj/Pois/Air  6%         N/A       41%         3
 Ignite Poison            Fire/Tmut/Pois 5%         N/A       47%         3
 Spider Form              Tmut/Pois      2%         N/A       47%         3
 Stone Arrow              Conj/Erth      10%        3d7       47%         3
 Ice Form                 Ice/Tmut       5%         N/A       87%         4
 Olgreb's Toxic Radiance  Pois           5%         N/A       87%         4
 Petrify                  Tmut/Erth      5%         N/A       87%         4
 Hydra Form               Tmut           2%         N/A       99%         5
 Lee's Rapid Deconstruct  Erth           2%         3d6*      99%         5


Dungeon Overview and Level Annotations

Branches:
Dungeon (4/15)
 Temple: D:4-7

Altars:
Kikubaaqudgha

Shops:
D:2 *

Annotations:
D:2 1 runed translucent door, Crazy Yiuf
D:3 Eustachio


Innate Abilities, Weirdness & Mutations

You have very sharp teeth.
Your uncanny sense of smell can sniff out nearby items.
Your experience applies equally to all skills.


Message History

The crimson imp blinks!
Eustachio mumbles some strange words.
Eustachio blinks!
The crimson imp closely misses you.
You riposte.
You miss the crimson imp. Your bite misses the crimson imp. You open the door.
The crimson imp closely misses you.
Eustachio gestures wildly while chanting.
Eustachio blinks!
The shadow imp barely misses you.
You riposte.
You closely miss the shadow imp.
There is an open door here.
The crimson imp grins evilly.
The shadow imp summons a swarm of flies.
The crimson imp puffs mist at you.
The shadow imp disappears in a puff of smoke!
The crimson imp disappears in a puff of smoke!
There is an open door here.
Eustachio hits you with a +0 falchion!
You closely miss Eustachio.
Eustachio is severely wounded.
Eustachio hits you with a +0 falchion!
You hit Eustachio. Your bite misses Eustachio.
Eustachio is severely wounded.
Eustachio barely misses you.
You completely miss Eustachio.
Eustachio is severely wounded.
Eustachio hits you with a +0 falchion.
* * * LOW HITPOINT WARNING * * *
You hit Eustachio.
Eustachio is almost dead.
Eustachio mumbles some strange words.
Eustachio hits you with a +0 falchion.
* * * LOW HITPOINT WARNING * * *
You closely miss Eustachio.
Eustachio is almost dead.
Eustachio casts a spell.
Eustachio blinks!
The shadow imp gestures at you. Pain shoots through your body!
You die...
Kikubaaqudgha rasps: "You have failed me!
Welcome... death!"

#.# #.#####.#.........##.#.
#.# ####.####.....#####..##.#.
#.# #.............##....<...##
#.# #.##.###.........##..##..#
#.###.##.# ###.#.........##..#
#........#####.#.#######......
#####.##..................###.
#.########'########...# #. #.#
##@..## ##..###. ##.#
##ยง....## ##..... ##..#
##55.....## ##..####
##...####.....@...####...####
#.......'......(..(..........
##...####...>.(..(####...####
#..## ##.......## ##..## #.##
##.....## #...## #.# ##...##
#....#


You could see Eustachio and 2 shadow imps.

Vanquished Creatures
  A bullfrog zombie (D:3)
  Natasha (D:3)
  3 adders
  5 dart slugs
  5 ball pythons
  6 bats
  13 endoplasms
  3 giant cockroaches
  2 goblins
  5 hobgoblins
  4 jackals (D:3)
  3 quokkas
  2 frilled lizards
  3 kobolds
  3 rats
59 creatures vanquished.

Vanquished Creatures (others)
  A human (D:3)
1 creature vanquished.

Grand Total: 60 creatures vanquished

Notes
Turn   | Place    | Note
-------+----------+-------------------------------------------
     0 | D:1      | Gwenloh the Gnoll Wanderer began the quest for the Orb.
     0 | D:1      | Gwenloh set off with the following items: a +0 falchion, 2
                  | throwing nets, a potion of lignification, a +0 leather
                  | armour, a +0 dagger
     0 | D:1      | Reached XP level 1. HP: 20/20 MP: 4/4
   180 | D:1      | Reached XP level 2. HP: 26/26 MP: 5/5
   194 | D:1      | Learned a level 1 spell: Beastly Appendage
   197 | D:1      | Learned a level 2 spell: Wereblood
   204 | D:1      | You fall into a shaft and drop 1 floor!
   423 | D:2      | Reached XP level 3. HP: 28/31 MP: 5/7
   509 | D:2      | Found Jemnugaw's General Store.
   653 | D:2      | Reached skill level 1 in Invocations
   801 | D:1      | Reached skill level 1 in Short Blades
   801 | D:1      | Reached skill level 1 in Axes
   801 | D:1      | Reached skill level 1 in Maces & Flails
   801 | D:1      | Reached skill level 1 in Polearms
   801 | D:1      | Reached skill level 1 in Staves
   801 | D:1      | Reached skill level 1 in Slings
   801 | D:1      | Reached skill level 1 in Bows
   801 | D:1      | Reached skill level 1 in Crossbows
   801 | D:1      | Reached skill level 1 in Throwing
   801 | D:1      | Reached skill level 1 in Armour
   801 | D:1      | Reached skill level 1 in Unarmed Combat
   801 | D:1      | Reached skill level 1 in Evocations
  1110 | D:1      | Reached XP level 4. HP: 38/38 MP: 6/8
  1525 | D:1      | Found a faded altar of an unknown god.
  2016 | D:2      | Found an ancient bone altar of Kikubaaqudgha.
  2071 | D:2      | Found a runed translucent door.
  2072 | D:2      | Noticed Crazy Yiuf
  2364 | D:2      | Became a worshipper of Kikubaaqudgha
  2723 | D:3      | Found an ancient bone altar of Kikubaaqudgha.
  2860 | D:3      | Reached skill level 1 in Conjurations
  2860 | D:3      | Reached skill level 1 in Hexes
  2860 | D:3      | Reached skill level 1 in Summonings
  2860 | D:3      | Reached skill level 1 in Necromancy
  2860 | D:3      | Reached skill level 1 in Transmutations
  2860 | D:3      | Reached skill level 1 in Fire Magic
  2860 | D:3      | Reached skill level 1 in Ice Magic
  2860 | D:3      | Reached skill level 1 in Earth Magic
  2860 | D:3      | Reached skill level 1 in Poison Magic
  2935 | D:3      | Reached XP level 5. HP: 25/43 MP: 9/9
  3278 | D:3      | Noticed Natasha
  3284 | D:3      | Killed Natasha
  3806 | D:3      | Noticed a human
  3807 | D:3      | Killed a human
  3844 | D:4      | Noticed Eustachio
  3891 | D:3      | Killed from afar by a shadow imp

Illustrated notes

Levels and vault maps discovered:
D:1:      mrwooster_arrival_statue, layout_basic,
          hellmonk_ecumenical_altar_inner_sanctum, minmay_crystal_room,
          serial_bayou_pond_c, chequers_big_river, minmay_tall_x
D:2:      layout_loops_ring, basic_altar, serial_shops, nicolae_shop_waterfront,
          st_stairs_9, uniq_crazy_yiuf_cottage
D:3:      layout_loops_corners, tgw_kikubaaqudgha, minmay_misc_feat_iff,
          kennysheep_big_empty_room, uniq_natasha
D:4:      layout_rooms, chequers_serial_rivers_small_3,
          grunt_decor_mini_mirrors, uniq_menkaure, uniq_eustachio

Skill      XL: |  1  2  3  4  5 |
---------------+----------------+-----
Translocations | 2 |  2.4
Air Magic      | 2 |  2.4
Invocations    | 1 |  1.6
Short Blades   | 1 |  1.4
Axes           | 1 |  1.4
Maces & Flails | 1 |  1.4
Polearms       | 1 |  1.4
Staves         | 1 |  1.4
Slings         | 1 |  1.4
Bows           | 1 |  1.4
Crossbows      | 1 |  1.4
Throwing       | 1 |  1.4
Armour         | 1 |  1.4
Unarmed Combat | 1 |  1.4
Evocations     | 1 |  1.4
Spellcasting   | 3 |  3.1
Conjurations   | 1 |  1.1
Hexes          | 1 |  1.1
Summonings     | 1 |  1.1
Necromancy     | 1 |  1.1
Transmutations | 1 |  1.1
Fire Magic     | 1 |  1.1
Ice Magic      | 1 |  1.1
Earth Magic    | 1 |  1.1
Poison Magic   | 1 |  1.1
Long Blades    | 3 |  3.0
Dodging        | 3 |  3.0
Shields        | 3 |  3.0
Fighting       | |  4.8
Stealth        | |  4.4

Action                   |  1- 3 |  4- 6 || total
-------------------------+-------+-------++-------
Melee: Falchion          |    65 |    80 ||   145
       Kick              |     6 |    11 ||    17
       Bite              |     4 |     5 ||     9
       Headbutt          |     2 |     2 ||     4
Throw: Stone             |    21 |    27 ||    48
       Dart              |       |    19 ||    19
 Cast: Beastly Appendage |    11 |    16 ||    27
 Stab: Sleeping          |     5 |     2 ||     7
Armor: Leather armour    |     9 |    15 ||    24
Dodge: Dodged            |    42 |    65 ||   107
       Rpst.: Falchion   |    13 |    22 ||    35

Table legend: (Time is in decaauts)
 A = Elapsed time spent in this place.
 B = Non-inter-level travel time spent in this place.
 C = Inter-level travel time spent in this place.
 D = Time resting spent in this place.
 E = Time spent auto-exploring this place.
 F = Levels seen in this place.
 G = Mean time per level.
                   A        B        C        D        E       F      G
               +--------+--------+--------+--------+--------+-----+--------+
         Total |   3928 |   3777 |    151 |      0 |   3240 |   4 |  982.0 |
       Dungeon |   3928 |   3777 |    151 |      0 |   3240 |   4 |  982.0 |
               +--------+--------+--------+--------+--------+-----+--------+

Top non-repeatable levels by time:
     D:3: 1448 daAuts
     D:2: 1236 daAuts
     D:1: 1234 daAuts
     D:4: 8 daAuts
